 Dungeon Crawl Stone Soup version 0.28.0-43-g3370ac3207 (webtiles) character file.

Game seed: 13303298479942617112

144 Ablot the Grasshopper (level 5, -2/43 HPs)
             Began as a Gnoll Warper on Mar 14, 2022.
             Slain by a hound (4 damage)
             ... on level 6 of the Dungeon.
             The game lasted 00:02:44 (2633 turns).

Ablot the Grasshopper (Gnoll Warper)                Turns: 2633, Time: 00:02:45

Health: -2/43      AC:  5    Str: 12    XL:     5   Next: 26%
Magic:  12/12      EV: 12    Int: 13    God:
Gold:   136        SH:  0    Dex: 11    Spells: 12/14 levels left

rFire   . . .      SeeInvis .   a - +0 spear
rCold   . . .      Faith    .   (no shield)
rNeg    . . .      Spirit   .   b - +0 leather armour
rPois   .          Reflect  .   (no helmet)
rElec   .          Harm     .   o - +0 cloak
rCorr   .          Rampage  .   m - +0 pair of gloves
Will    .....                   (no boots)
Stlth   +.........              (no amulet)
HPRegen 0.14/turn               (no ring)
MPRegen 0.13/turn               (no ring)

@: no status effects
A: fangs 1, strong nose, distributed training
a: no special abilities


You were on level 6 of the Dungeon.
You visited 1 branch of the dungeon, and saw 4 of its levels.

You collected 136 gold pieces.

Inventory:

Hand Weapons
 a - a +0 spear (weapon)
 w - a +1 short sword of holy wrath
Missiles
 d - 5 boomerangs of dispersal (quivered)
 f - 132 stones
 h - 17 arrows
 q - 14 bolts
 s - 4 poisoned darts
Armour
 b - a +0 leather armour (worn)
 m - a +0 pair of gloves (worn)
 o - a +0 cloak (worn)
Magical Staves
 r - a staff of death
Scrolls
 c - a scroll of blinking
 g - 2 scrolls of teleportation {unknown}
 i - a scroll of immolation {unknown}
 k - a scroll of acquirement {unknown}
 l - a scroll of enchant armour {unknown}
 n - 2 scrolls of fear {unknown}
 p - a scroll of brand weapon {unknown}
Potions
 e - a potion of degeneration {unknown}
 j - 2 potions of ambrosia {unknown}


   Skills:
 + Level 4.7 Fighting
 + Level 1.4 Short Blades
 + Level 1.4 Long Blades
 + Level 1.4 Axes
 + Level 1.4 Maces & Flails
 + Level 4.7 Polearms
 + Level 1.4 Staves
 + Level 1.4 Slings
 + Level 1.4 Bows
 + Level 1.4 Crossbows
 + Level 2.9 Throwing
 + Level 2.9 Armour
 + Level 4.7 Dodging
 + Level 1.4 Stealth
 + Level 1.4 Shields
 + Level 1.4 Unarmed Combat
 + Level 5.2 Spellcasting
 + Level 1.1 Conjurations
 + Level 1.1 Hexes
 + Level 1.1 Summonings
 + Level 1.1 Necromancy
 + Level 5.5 Translocations
 + Level 1.1 Transmutations
 + Level 1.1 Fire Magic
 + Level 1.1 Ice Magic
 + Level 1.1 Air Magic
 + Level 1.1 Earth Magic
 + Level 1.1 Poison Magic
 + Level 1.6 Invocations
 + Level 1.4 Evocations


You had 12 spell levels left.
You knew the following spells:

 Your Spells              Type           Power      Damage    Failure   Level
a - Blink                 Tloc           34%        N/A       3%          2

Your spell library contained the following spells:

 Spells                   Type           Power      Damage    Failure   Level
 Gell's Gravitas          Tloc           17%        N/A       7%          3
 Lesser Beckoning         Tloc           17%        N/A       7%          3
 Teleport Other           Tloc           17%        N/A       7%          3
 Summon Small Mammal      Summ           24%        N/A       14%         1
 Call Canine Familiar     Summ           6%         N/A       41%         3
 Summon Guardian Golem    Hex/Summ       6%         N/A       41%         3
 Manifold Assault         Tloc           17%        N/A       54%         5


Dungeon Overview and Level Annotations

Branches:
Dungeon (6/15)
 Temple: D:4-7

Altars:

Annotations:
D:6 exclusion: ogre


Innate Abilities, Weirdness & Mutations

You have very sharp teeth.
Your uncanny sense of smell can sniff out nearby items.
Your experience applies equally to all skills.


Message History

You hit the centaur skeleton.
The centaur skeleton is severely damaged.
An orc wizard appears from thin air!
Reactivating autopickup.
The centaur skeleton barely misses you. x2
The hound bites you but does no damage.
You hit the centaur skeleton.
The centaur skeleton is severely damaged.
The centaur skeleton closely misses you.
The centaur skeleton kicks you but does no damage.
The hound closely misses you. The centaur skeleton hits you.
* * * LOW HITPOINT WARNING * * *
The centaur skeleton misses you.
You hit the centaur skeleton but do no damage.
The centaur skeleton is severely damaged.
The hound bites you but does no damage. The centaur skeleton hits you.
* * * LOW HITPOINT WARNING * * *
The centaur skeleton closely misses you.
You hit the centaur skeleton.
The centaur skeleton is almost destroyed.
The hound closely misses you. The centaur skeleton misses you. x2
The hound barely misses you.
You hit the centaur skeleton but do no damage.
The centaur skeleton is almost destroyed.
The centaur skeleton hits you but does no damage.
The centaur skeleton kicks you but does no damage.
The hound bites you.
* * * LOW HITPOINT WARNING * * *
You hit the centaur skeleton.
You destroy the centaur skeleton!
The hound bites you.
* * * LOW HITPOINT WARNING * * *
The orc wizard casts a spell.
The orc wizard flickers and vanishes!
Deactivating autopickup; reactivate with Ctrl-A.
The hound bites you.
* * * LOW HITPOINT WARNING * * *
The hound bites you but does no damage. The hound bites you.
You die...

###### .....# ####
####.# #.. #.# #######.#
#.# .......@# #.#
#######h#
####.###########.######
......Zo.o.....O........
####.###########.##.....
#.# #.# ####
####.####### #.#
...........O #.. ####.##
###


You could see an ogre and a hound.

Vanquished Creatures
  A howler monkey (D:6)
  A centaur skeleton (D:6)
  An adder (D:2)
  3 worms
  3 dart slugs
  2 orcs
  4 bats
  3 endoplasms
  4 giant cockroaches
  6 goblins
  3 hobgoblins
  2 jackals (D:2)
  7 kobolds
  3 quokkas
  3 ball pythons
  2 frilled lizards
  3 rats
51 creatures vanquished.

Notes
Turn   | Place    | Note
-------+----------+-------------------------------------------
     0 | D:1      | Ablot the Gnoll Warper began the quest for the Orb.
     0 | D:1      | Reached XP level 1. HP: 20/20 MP: 6/6
   145 | D:1      | Reached XP level 2. HP: 26/26 MP: 7/7
   148 | D:1      | Learned a level 2 spell: Blink
   518 | D:1      | Found a faded altar of an unknown god.
  1022 | D:2      | Reached XP level 3. HP: 31/31 MP: 9/9
  1025 | D:2      | Reached skill level 5 in Spellcasting
  1448 | D:2      | Reached skill level 1 in Invocations
  1865 | D:2      | Reached skill level 1 in Short Blades
  1865 | D:2      | Reached skill level 1 in Long Blades
  1865 | D:2      | Reached skill level 1 in Axes
  1865 | D:2      | Reached skill level 1 in Maces & Flails
  1865 | D:2      | Reached skill level 1 in Staves
  1865 | D:2      | Reached skill level 1 in Slings
  1865 | D:2      | Reached skill level 1 in Bows
  1865 | D:2      | Reached skill level 1 in Crossbows
  1865 | D:2      | Reached skill level 1 in Stealth
  1865 | D:2      | Reached skill level 1 in Shields
  1865 | D:2      | Reached skill level 1 in Unarmed Combat
  1865 | D:2      | Reached skill level 1 in Evocations
  2103 | D:3      | Reached XP level 4. HP: 36/38 MP: 11/11
  2369 | D:3      | You fall into a shaft and drop 3 floors!
  2469 | D:6      | Noticed an ogre
  2503 | D:6      | Reached skill level 1 in Conjurations
  2503 | D:6      | Reached skill level 1 in Hexes
  2503 | D:6      | Reached skill level 1 in Summonings
  2503 | D:6      | Reached skill level 1 in Necromancy
  2503 | D:6      | Reached skill level 1 in Transmutations
  2503 | D:6      | Reached skill level 1 in Fire Magic
  2503 | D:6      | Reached skill level 1 in Ice Magic
  2503 | D:6      | Reached skill level 1 in Air Magic
  2503 | D:6      | Reached skill level 1 in Earth Magic
  2503 | D:6      | Reached skill level 1 in Poison Magic
  2510 | D:6      | Reached XP level 5. HP: 29/43 MP: 12/12
  2560 | D:6      | Noticed a black bear
  2628 | D:6      | HP: 2/43 [hound (3)]
  2633 | D:6      | Slain by a hound

Illustrated notes

Levels and vault maps discovered:
D:1:      dpeg_arrival_lava_temple_mockup, layout_loops_ring,
          ebering_ecumenical_altar_box, grunt_decor_clamped
D:2:      minmay_angry_zag, layout_basic, serial_corexii_hall,
          corexii_hall_statues_deadend, corexii_hall_statues_x, glass_columns_a
D:3:      layout_rooms, uniq_jessica
D:6:      layout_basic

Skill      XL: |  1  2  3  4 |
---------------+-------------+-----
Spellcasting   | 5 |  5.2
Invocations    | 1 |  1.6
Short Blades   | 1 |  1.4
Long Blades    | 1 |  1.4
Axes           | 1 |  1.4
Maces & Flails | 1 |  1.4
Staves         | 1 |  1.4
Slings         | 1 |  1.4
Bows           | 1 |  1.4
Crossbows      | 1 |  1.4
Stealth        | 1 |  1.4
Shields        | 1 |  1.4
Unarmed Combat | 1 |  1.4
Evocations     | 1 |  1.4
Conjurations   | 1 |  1.1
Hexes          | 1 |  1.1
Summonings     | 1 |  1.1
Necromancy     | 1 |  1.1
Transmutations | 1 |  1.1
Fire Magic     | 1 |  1.1
Ice Magic      | 1 |  1.1
Air Magic      | 1 |  1.1
Earth Magic    | 1 |  1.1
Poison Magic   | 1 |  1.1
Fighting       | |  4.7
Polearms       | |  4.7
Throwing       | |  2.9
Armour         | |  2.9
Dodging        | |  4.7
Translocations | |  5.5

Action                   |  1- 3 |  4- 6 || total
-------------------------+-------+-------++-------
Melee: Spear             |   124 |    80 ||   204
       Bite              |     5 |     5 ||    10
       Punch             |     1 |     1 ||     2
 Stab: Sleeping          |     3 |       ||     3
Armor: Leather armour    |    20 |    37 ||    57
Dodge: Dodged            |    47 |    55 ||   102
